 Dungeon Crawl Stone Soup version 0.30.0 (webtiles) character file.

Game seed: 16059840755067677659

167 vegetabs the Trooper (level 5, -2/50 HPs)
             Began as a Minotaur Berserker on Nov 11, 2023.
             Was a Believer of Trog.
             Slain by Crazy Yiuf
             ... wielding a +3 quarterstaff of chaos
              (14 damage)
             ... on level 3 of the Dungeon.
             The game lasted 00:06:32 (2502 turns).

vegetabs the Trooper (Minotaur Berserker)           Turns: 2502, Time: 00:06:33

Health: -2/50      AC:  5    Str: 24    XL:     5   Next: 23%
Magic:  4/4        EV: 11    Int:  4    God:    Trog [**....]
Gold:   84         SH:  0    Dex:  9    Spells: 4/4 levels left

rFire   . . .        l - +0 war axe
rCold   . . .        (no shield)
rNeg    . . .        o - +0 ring mail
rPois   .            h - +0 hat
rElec   .            (no cloak)
rCorr   .            (no gloves)
SInv    .            (no boots)
Will    +....        (no amulet) Stlth
                     q - ring of flight
HPRegen 0.28/turn    w - ring of willpower
MPRegen 0.09/turn

%: no passive effects
@: flying
A: horns 2, retaliatory headbutt
a: Renounce Religion, Berserk, Trog's Hand


You were on level 3 of the Dungeon.
You worshipped Trog.
Trog was pleased with you.
You visited 1 branch of the dungeon, and saw 3 of its levels.

You collected 84 gold pieces.

Inventory:

Hand Weapons
 a - a +0 hand axe
 l - a +0 war axe (weapon)
Missiles
 c - 2 throwing nets (quivered)
Armour
 b - a +1 animal skin
 g - a scarf of invisibility
 h - a +0 hat (worn)
 j - a +0 leather armour
 o - a +0 ring mail (worn)
Jewellery
 q - a ring of flight (left hand)
 r - an amulet of magic regeneration
 s - a +6 ring of dexterity
 w - a ring of willpower (right hand)
Scrolls
 d - 4 scrolls of identify {unknown}
 e - 2 scrolls of enchant weapon {unknown}
 u - a scroll of immolation {unknown}
 v - a scroll of enchant armour
 x - 3 scrolls of blinking {unknown}
Potions
 f - 2 potions of flight {unknown}
 i - 2 potions of curing {unknown}
 k - 2 potions of degeneration {unknown}
 m - a potion of attraction {unknown}
 n - 2 potions of heal wounds {unknown}
 p - a potion of haste
 t - 2 potions of lignification {unknown}


   Skills:
 * Level 5.6 Fighting
 * Level 5.6 Axes
 - Level 2.5 Armour
 - Level 2.3 Dodging


You had 4 spell levels left.
You didn't know any spells.
Your spell library was empty.

Dungeon Overview and Level Annotations

Branches:
Dungeon (3/15)

Altars:
Sif Muna

Annotations:
D:3 Crazy Yiuf


Innate Abilities, Weirdness & Mutations

You have a pair of horns on your head.
You reflexively headbutt those who attack you in melee.


Message History

Partly explored, can't reach some places.
There is an open door here.
You reach down and open the door.
There is an open door here.
You see here 4 stones.
You slash the fungus!
The fungus begins to die.
The fungus is lightly damaged.
You slash the bush! You slash the fungus! You headbutt the fungus!
The fungus is lightly damaged.
You hit the bush. You hit the fungus. You headbutt the fungus!
The fungus is moderately damaged.
You hit the bush but do no damage.
A nearby fungus withers and dies.
Found a hammer.
Found a runed translucent door.
Crazy Yiuf shouts!
Crazy Yiuf screams, "Cholesterol!
Proton hand head."
You reach down and open the door.
You slash Crazy Yiuf!
Crazy Yiuf is heavily wounded.
Crazy Yiuf closely misses you. You furiously retaliate!
You headbutt Crazy Yiuf.
Crazy Yiuf hits you with a +3 quarterstaff of chaos.
You resist with almost no effort.
You closely miss Crazy Yiuf.
Crazy Yiuf is severely wounded.
Crazy Yiuf hits you with a +3 quarterstaff of chaos!
Crazy Yiuf freezes you.
You hit Crazy Yiuf.
Crazy Yiuf is severely wounded.
Crazy Yiuf hits you with a +3 quarterstaff of chaos!
You are electrocuted!
* * * LOW HITPOINT WARNING * * *
You closely miss Crazy Yiuf.
Crazy Yiuf is severely wounded.
Crazy Yiuf misses you.
You barely miss Crazy Yiuf.
Crazy Yiuf is severely wounded.
Crazy Yiuf hits you with a +3 quarterstaff of chaos!
You die...

# # ######### ##### #
#|.....(# #..)# # #.#######
#...# # #.##....# ...
####### # #.##.#..# #g#
######.....# # #.##.#..#
♣♣@♣ #..........# #
#.##.#..# ♣.♣♣ #..........#
# #.##....# ♣♣.♣
#..........# ####.####..#
♣.♣♣ #..........#
........#.## ♣♣.♣♣
#######'#### .....##.#.#
♣.PP♣ #.# # #######.#.#
♣.PP♣♣ #######.#### ....#
#.#.# #....# #...........
###.#
#.#.####....##########.##..


You could see Crazy Yiuf.

Vanquished Creatures
  An orc wizard (D:3)
  4 gnolls (D:2)
  3 adders
  7 orcs (D:3)
  4 ball pythons
  6 endoplasms
  3 giant cockroaches
  4 goblins
  7 hobgoblins
  4 jackals (D:2)
  2 quokkas (D:1)
  7 bats (D:1)
  4 frilled lizards
  6 kobolds
  8 rats
70 creatures vanquished.

Vanquished Creatures (others)
  A fungus (D:3)
1 creature vanquished.

Grand Total: 71 creatures vanquished

Notes
Turn   | Place    | Note
-------+----------+-------------------------------------------
     0 | D:1      | vegetabs the Minotaur Berserker began the quest for the
                  | Orb.
     0 | D:1      | Reached XP level 1. HP: 19/19 MP: 0/0
    90 | D:1      | Reached XP level 2. HP: 21/27 MP: 1/1
   493 | D:1      | Reached ** piety under Trog
   560 | D:1      | Reached XP level 3. HP: 34/34 MP: 2/2
  1097 | D:2      | Found a shimmering blue altar of Sif Muna.
  1206 | D:2      | Reached XP level 4. HP: 41/41 MP: 3/3
  1211 | D:2      | Reached skill level 5 in Fighting
  1213 | D:2      | Reached skill level 5 in Axes
  1686 | D:3      | Found a faded altar of an unknown god.
  1913 | D:3      | Reached XP level 5. HP: 34/48 MP: 4/4
  2493 | D:3      | Found a runed translucent door.
  2494 | D:3      | Noticed Crazy Yiuf
  2502 | D:3      | Slain by Crazy Yiuf

Illustrated notes

Levels and vault maps discovered:
D:1:      lemuel_arrival_cross, layout_loops_corners
D:2:      layout_basic, basic_altar, nicolae_elevator_lobby_asterisk
D:3:      layout_basic, hellmonk_ecumenical_altar_heavens_door,
          uniq_crazy_yiuf_cottage

Skill      XL: |  1  2  3  4 |
---------------+-------------+-----
Fighting       | 4 5 |  5.6
Axes           | 4 5 |  5.6
Armour         | |  2.5
Dodging        | |  2.3

Action                     |  1- 3 |  4- 6 || total
---------------------------+-------+-------++-------
  Melee: Hand axe          |    54 |       ||    54
         Headbutt          |    12 |     8 ||    20
         War axe           |    16 |    59 ||    75
 Invoke: Berserk           |     1 |       ||     1
    Use: Scroll            |     1 |       ||     1
 Armour: Animal skin       |     5 |       ||     5
         Leather armour    |    10 |       ||    10
         Ring mail         |     1 |    15 ||    16
  Dodge: Dodged            |    55 |    30 ||    85
